[Event "Early-Titled-Tuesday-Blitz-October-10-2023"]
[Site "Chess.com"]
[Date "2023.10.10"]
[Round "6"]
[White "salomez"]
[Black "santosalberto1987"]
[Result "1-0"]
[WhiteElo "2325"]
[BlackElo "2472"]
[TimeControl "180+1"]
[EndTime "9:04:05 PDT"]
[Termination "salomez won by checkmate"]

1. d4 d5 2. Nc3 Nf6 3. Bf4 e6 4. e3 a6 5. Nf3 c5 6. Ne5 Nc6 7. g4 cxd4 8. exd4 Qb6 9. Nxc6 bxc6 10. Rb1 Bb4 11. Bg2 Nxg4 12. O-O Nf6 13. Be5 Be7 14. Na4 Qa5 15. c4 O-O 16. Re1 Bd7 17. b3 Rac8 18. c5 Bd8 19. Re3 Bc7 20. Bxf6 gxf6 21.
Qh5 Kg7 22. Nb6 Rcd8 23. Rh3 Rh8 24. Qh6+ Kg8 25. Be4 dxe4 26. Kh1 Bf4 27. Rg1+ Bg5 28. Rxg5+ fxg5 29. Qxg5+ Kf8 30. Qxd8+ Kg7 31. Rg3+ Kh6 32. Qh4# 1-0

[Event "Early-Titled-Tuesday-Blitz-October-10-2023"]
[Site "Chess.com"]
[Date "2023.10.10"]
[Round "6"]
[White "MartinMatthiesen"]
[Black "NowInChess"]
[Result "1-0"]
[WhiteElo "2471"]
[BlackElo "2228"]
[TimeControl "180+1"]
[EndTime "9:04:05 PDT"]
[Termination "MartinMatthiesen won on time"]

1. Nf3 Nf6 2. c4 g6 3. Nc3 Bg7 4. g3 O-O 5. Bg2 d6 6. O-O e5 7. d4 Nc6 8. dxe5 dxe5 9. Bg5 Qxd1 10. Raxd1 Be6 11. Nd5 Ne8 12. b3 f6 13. Be3 Kf7 14. Nd2 Nd4 15. Bxd4 exd4 16. Ne4 c6 17. Nf4 Bc8 18.
Rxd4 Kg8 19. Rd2 Bf5 20. Rfd1 Bxe4 21. Bxe4 f5 22. Bf3 Nf6 23. Ne6 Rfe8 24. Nc7 Rac8 25. Nxe8 Rxe8 26. Rd8 Kf7 27. Rxe8 Kxe8 28. b4 Nd7 29. b5 cxb5 30. cxb5 Nc5 31. Bd5 b6 32. Bg8 h6 33. Bh7 Kf7 34. Rd6 Be5 35. Bxg6+ Kg7 36.
Rc6 Ne4 37. Bxf5 1-0

[Event "Early-Titled-Tuesday-Blitz-October-10-2023"]
[Site "Chess.com"]
[Date "2023.10.10"]
[Round "6"]
[White "LileKoridze"]
[Black "Cheer_Down"]
[Result "0-1"]
[WhiteElo "2338"]
[BlackElo "2501"]
[TimeControl "180+1"]
[EndTime "9:04:09 PDT"]
[Termination "Cheer_Down won by resignation"]

1. d4 Nf6 2. c4 g6 3. Nc3 d5 4. cxd5 Nxd5 5. Bd2 c5 6. dxc5 Bg7 7. Rc1 O-O 8. Nf3 Na6 9. Na4 Bd7 10. e4 Ndb4 11.
Bc4 Bxa4 12. Qxa4 Nd3+ 13. Bxd3 Qxd3 14. Qc2 Qb5 15. b3 Rac8 16. Be3 b6 17. Qc4 Qa5+ 18.
Bd2 Qxa2 19. O-O Rxc5 20. Qd3 Rxc1 21. Rxc1 Nc5 22. Qd5 e6 23. Qd6 Nxb3 24. Rd1 Nxd2 25. Rxd2 Qc4 26. e5 h6 27. h3 Rc8 28. Qe7 Qc7 29.
Rd7 Qc1+ 30. Kh2 Qf4+ 31. Kh1 Rc1+ 32. Ng1 Bxe5 33. Rd8+ Kh7 34. g3 Qxf2 0-1

[Event "Early-Titled-Tuesday-Blitz-October-10-2023"]
[Site "Chess.com"]
[Date "2023.10.10"]
[Round "6"]
[White "sergiochess83"]
[Black "play1ngtheangel"]
[Result "0-1"]
[WhiteElo "2868"]
[BlackElo "2670"]
[TimeControl "180+1"]
[EndTime "9:04:10 PDT"]
[Termination "play1ngtheangel won by checkmate"]

1. d4 Nf6 2. c4 e6 3. g3 d5 4.
Bg2 dxc4 5. Nf3 Nbd7 6. O-O c6 7. a4 b6 8. Nbd2 Ba6 9. Qc2 c3 10. bxc3 Bxe2 11. Re1 Ba6 12. a5 Be7 13. Ng5 Qc8 14. Bh3 O-O 15. c4 h6 16. Nxe6 fxe6 17. Bxe6+ Kh8 18.
Bb2 Qc7 19. Nf3 Rfd8 20. Bf5 Nf8 21. Ne5 Bd6 22. Re3 bxa5 23. Rae1 Rab8 24. Ba1 Re8 25. h4 Rbd8 26. g4 Bc8 27. g5 Bxe5 28. dxe5 Ng8 29. e6 Qf4 30. Rg3 Bxe6 31. gxh6 Bxf5 32. hxg7+ Kh7 33.
gxf8=Q Rxe1+ 34. Kh2 Qxh4+ 35. Kg2 Qh1# 0-1

[Event "Early-Titled-Tuesday-Blitz-October-10-2023"]
[Site "Chess.com"]
[Date "2023.10.10"]
[Round "6"]
[White "Amirreza_p"]
[Black "slorovel"]
[Result "1-0"]
[WhiteElo "2601"]
[BlackElo "2504"]
[TimeControl "180+1"]
[EndTime "9:04:10 PDT"]
[Termination "Amirreza_p won on time"]

1. e4 c5 2. Nf3 Nc6 3. d4 cxd4 4.
Nxd4 Nf6 5. Nc3 e5 6. Nde2 Bb4 7. a3 Ba5 8. b4 Bc7 9. Ng3 O-O 10. Bd3 Ne7 11.
Bg5 d6 12. Bxf6 gxf6 13. Qh5 Kh8 14. Nd5 Ng6 15. Nf5 Be6 16. g3 Rg8 17. h4 a5 18. b5 Bxd5 19. exd5 e4 20. Bxe4 Qe8 21. f3 Qe5 22. O-O Nf4 23. Qh6 Rg6 24. Kh2 Rxh6 25. Nxh6 Qh5 26. Nf5 Rg8 27. gxf4 Bb6 28. Rae1 Re8 29.
Kh3 Bc5 30. a4 Rg8 31. Re2 b6 32. Rh1 h6 33. Rhh2 Ba3 34. Rhg2 Rxg2 35. Rxg2 1-0

[Event "Early-Titled-Tuesday-Blitz-October-10-2023"]
[Site "Chess.com"]
[Date "2023.10.10"]
[Round "6"]
[White "Druid24"]
[Black "Cayse"]
[Result "0-1"]
[WhiteElo "2721"]
[BlackElo "2845"]
[TimeControl "180+1"]
[EndTime "9:04:11 PDT"]
[Termination "Cayse won by resignation"]

1. e4 e5 2. Nf3 Nc6 3. Bc4 Nf6 4. d3 Bc5 5. O-O O-O 6. c3 d5 7. exd5 Nxd5 8. Qe2 Bg4 9. h3 Bh5 10. g4 Bg6 11.
Nxe5 Nxe5 12. Qxe5 c6 13. Qg3 Re8 14. Nd2 Bd6 15. f4 Re3 16. Qh2 Nxf4 17. Rxf4 Qc7 18. Nf1 Bxf4 19. Qf2 Rg3+ 20. Nxg3 Bxg3 21. Qf3 Re8 22.
Be3 b5 23. Bb3 Bh2+ 24. Kf2 Bxd3 25. Rh1 Re7 26. Bc5 Re2+ 27. Qxe2 Qg3+ 28. Kf1 Qf3+ 29. Bf2 Qxh1+ 0-1

[Event "Early-Titled-Tuesday-Blitz-October-10-2023"]
[Site "Chess.com"]
[Date "2023.10.10"]
[Round "6"]
[White "Eagle_2019"]
[Black "GlavkonVVS"]
[Result "1-0"]
[WhiteElo "2726"]
[BlackElo "2554"]
[TimeControl "180+1"]
[EndTime "9:04:13 PDT"]
[Termination "Eagle_2019 won by checkmate"]

1. d4 Nf6 2. Bg5 c5 3. Bxf6 gxf6 4. d5 Qb6 5. Qc1 Bh6 6. e3 f5 7. c4 d6 8. Nc3 Nd7 9. Nf3 Rg8 10. Qc2 Nf6 11. g3 e6 12. Bd3 a6 13. e4 fxe4 14. Nxe4 Nxe4 15. Bxe4 Qb4+ 16. Kf1 Bd7 17. a3 Qb6 18. dxe6 fxe6 19. Bxh7 Rg7 20. Be4 O-O-O 21. b4 Rf8 22. Rb1 Bc6 23. Kg2 Rgf7 24. Rb3 cxb4 25.
axb4 Ba4 26. Rhb1 Bxb3 27. Rxb3 Kb8 28. c5 Qc7 29. b5 axb5 30. Rxb5 d5 31. c6 dxe4 32.
Qxe4 Qd6 33. Ne5 Rxf2+ 34. Kh3 R8f7 35. Nxf7 Rxf7 36. Qg6 Qxc6 37. Rh5 Rf2 38. Qxh6 Qg2+ 39. Kg4 Qe4+ 40. Kh3 Qg2+ 41. Kg4 Qf3+ 42. Kh3 Qe2 43. Qh8+ Ka7 44. Qd4+ b6 45. Rh7+ Ka6 46. Qa4# 1-0

[Event "Early-Titled-Tuesday-Blitz-October-10-2023"]
[Site "Chess.com"]
[Date "2023.10.10"]
[Round "6"]
[White "BocharovD"]
[Black "Arash_Tahbaz"]
[Result "1-0"]
[WhiteElo "2797"]
[BlackElo "2920"]
[TimeControl "180+1"]
[EndTime "9:04:14 PDT"]
[Termination "BocharovD won on time"]

1. c4 c5 2. g3 g6 3. Bg2 Bg7 4. Nc3 Nc6 5. d3 e6 6. h4 h6 7.
Bxc6 dxc6 8. h5 g5 9. f4 e5 10.
Nf3 exf4 11. gxf4 g4 12. Ne5 Be6 13. Be3 Qd6 14. Qd2 f5 15. O-O-O O-O-O 16. Bf2 Ne7 17. Bh4 Rhe8 18. Rhe1 b6 19. Kb1 Kb7 20. e3 Rc8 21. d4 cxd4 22. exd4 Bg8 23. Qg2 Bf6 24. c5 Qe6 25. Nxg4 Qxe1 26. Bxe1 fxg4 27. Qxg4 Bh7+ 28.
Kc1 Rcd8 29. Bf2 Bf5 30. Qf3 bxc5 31. dxc5 Rxd1+ 32. Qxd1 Kc7 33. Qd6+ 1-0

[Event "Early-Titled-Tuesday-Blitz-October-10-2023"]
[Site "Chess.com"]
[Date "2023.10.10"]
[Round "6"]
[White "JoliyRoger"]
[Black "Witty_Alien"]
[Result "1-0"]
[WhiteElo "2470"]
[BlackElo "2235"]
[TimeControl "180+1"]
[EndTime "9:04:14 PDT"]
[Termination "JoliyRoger won on time"]

1. d4 e5 2. dxe5 d6 3. exd6 Bxd6 4. g3 h5 5. Bf4 h4 6. Bxd6 cxd6 7. Bg2 Nc6 8. Qd2 Nf6 9. Nc3 Be6 10. O-O-O h3 11. Bf3 Ke7 12. Nd5+ Nxd5 13. Bxd5 Rh5 14. e4 Rc8 15. f4 g6 16. Nf3 a5 17. Ng5 Nb4 18. c3 Qb6 19. Kb1 Nxd5 20. exd5 Bf5+ 21. Ka1 Kf8 22.
Rhe1 a4 23. Qe3 Qc7 24. a3 Kg8 25. Qe2 Rxg5 26. fxg5 b5 27. g4 1-0

[Event "Early-Titled-Tuesday-Blitz-October-10-2023"]
[Site "Chess.com"]
[Date "2023.10.10"]
[Round "6"]
[White "xamax2000"]
[Black "carokannlover213"]
[Result "1-0"]
[WhiteElo "2871"]
[BlackElo "2731"]
[TimeControl "180+1"]
[EndTime "9:04:16 PDT"]
[Termination "xamax2000 won by checkmate"]

1. Nf3 d5 2. g3 Nf6 3. Bg2 c5 4. O-O e6 5. c4 d4 6. d3 Nc6 7.
e3 Bd6 8. exd4 cxd4 9. Na3 O-O 10. Nc2 Bc5 11. Re1 a5 12. Bf4 Bd6 13. Ne5 Nxe5 14.
Bxe5 Bxe5 15. Rxe5 Qd6 16. Qe1 Nd7 17. Rxa5 Rxa5 18.
Qxa5 Nc5 19. Qa3 e5 20. b4 Ne6 21. Re1 Ng5 22. Qa5 Re8 23. Qd5 Qf6 24. f4 Nh3+ 25.
Bxh3 Bxh3 26. Rxe5 Rd8 27. Qxb7 h6 28. Qe7 Qb6 29.
Rb5 Qd6 30. Qxd6 Rxd6 31. Kf2 g5 32. fxg5 hxg5 33. Rxg5+ Kf8 34. Rd5 Rf6+ 35. Ke1 Rf1+ 36. Kd2 Rh1 37. b5 Rxh2+ 38. Kc1 Bf1 39. b6 Bxd3 40. Nxd4 Rh1+ 41. Kd2 Bxc4 42. b7 Rb1 43. Rd8+ Ke7 44. b8=Q Rxb8 45. Rxb8 Bxa2 46. Ke3 Kf6 47.
Kf4 Bd5 48. Rb6+ Kg7 49. Nf5+ Kh7 50. Ke5 Ba2 51. Kf6 Be6 52. Rb1 Bxf5 53. Kxf5 Kg7 54. Rb4 f6 55. Rb7+ Kg8 56. Kxf6 Kh8 57. Kg6 Kg8 58.
Rb8# 1-0

[Event "Early-Titled-Tuesday-Blitz-October-10-2023"]
[Site "Chess.com"]
[Date "2023.10.10"]
[Round "6"]
[White "DarZay"]
[Black "KamlaPasand"]
[Result "1-0"]
[WhiteElo "2248"]
[BlackElo "2455"]
[TimeControl "180+1"]
[EndTime "9:04:16 PDT"]
[Termination "DarZay won by resignation"]

1. e4 e5 2. Nf3 Nc6 3. Bc4 Bc5 4. d3 Nf6 5. c3 O-O 6. Bb3 d6 7. h3 Be6 8. Bc2 h6 9. O-O d5 10. Qe2 dxe4 11. dxe4 a5 12. Rd1 Qe7 13. Nbd2 a4 14.
Nf1 Nd7 15. Be3 Nb6 16. b3 axb3 17. axb3 Bxe3 18. Nxe3 f6 19. Nd5 Qf7 20. c4 Nd7 21. Nxc7 Rxa1 22. Rxa1 Nc5 23. Nd5 Qg6 24. Kh2 Kh7 25.
b4 Nd7 26. b5 Nd8 27. Ra8 Nc5 28. Qe3 Nd7 29. Bd3 Bf7 30. Nh4 Qh5 31. Nf5 Ne6 32. Rxf8 Ndxf8 33. Be2 Qg6 34. h4 Kh8 35. Nde7 Qh7 36. c5 g6 37. Qxh6 gxf5 38. Qxf8+ Bg8 39. Qxf6+ Ng7 40. Ng6+ Qxg6 41. Qxg6 fxe4 42. Qh6+ Bh7 43. c6 Nf5 44. Qf6+ 1-0

[Event "Early-Titled-Tuesday-Blitz-October-10-2023"]
[Site "Chess.com"]
[Date "2023.10.10"]
[Round "6"]
[White "Henryk_S"]
[Black "IngOscarArdila"]
[Result "0-1"]
[WhiteElo "2150"]
[BlackElo "2319"]
[TimeControl "180+1"]
[EndTime "9:04:17 PDT"]
[Termination "IngOscarArdila won by checkmate"]

1. e4 e5 2. Nf3 Nf6 3. Nc3 Nc6 4. Bb5 Bb4 5. O-O O-O 6. d3 d6 7. Bg5 Bxc3 8. bxc3 Qe7 9. Bxc6 bxc6 10. h3 h6 11. Bh4 g5 12. Nxg5 hxg5 13. Bxg5 Qe6 14. f4 Nh7 15. f5 Qe8 16. Bh6 Kh8 17. Bxf8 Qxf8 18. Qh5 Qg7 19. g4 f6 20. Qe8+ Qf8 21. Qxc6 Rb8 22. Qxc7 Ba6 23. Qxa7 Ra8 24. Qb6 Qh6 25. Kg2 Qd2+ 26. Rf2 Qxc3 27. Rb1 d5 28. Rb3 Qa1 29. Qc6 Rg8 30. Qxa6 dxe4 31. dxe4 Qd1 32. Qd3 Qe1 33. Qe3 Qd1 34. Rd3 Qa1 35. Rfd2 Ng5 36. Rd8 Qxa2 37. Rxg8+ Qxg8 38. Qd3 Kh7 39. c4 Kh6 40. c5 Qh8 41. Qe3 Kh7 42. c6 Qa8 43. Rd7+ Kh6 44. h4 Qa2+ 45.
Kg3 Qb1 46. hxg5+ fxg5 47. Rd6+ Kh7 48. Qxg5 Qg1+ 49. Kf3 Qf1+ 50. Kg3 Qg1+ 51. Kh4 Qh2# 0-1

[Event "Early-Titled-Tuesday-Blitz-October-10-2023"]
[Site "Chess.com"]
[Date "2023.10.10"]
[Round "6"]
[White "lilleper1"]
[Black "fastestmindalive"]
[Result "1-0"]
[WhiteElo "2886"]
[BlackElo "2742"]
[TimeControl "180+1"]
[EndTime "9:04:18 PDT"]
[Termination "lilleper1 won by resignation"]

1. d4 Nf6 2. c4 g6 3. Nc3 Bg7 4.
e4 d6 5. Nf3 Bg4 6. Be3 Bxf3 7.
Qxf3 e5 8. d5 h5 9. h3 Bh6 10.
O-O-O Nbd7 11. Bxh6 Rxh6 12. Kb1 Rh8 13. Bd3 a5 14.
Bc2 Nc5 15. g4 a4 16. g5 Nfd7 17. h4 Nb6 18. Qe2 a3 19. b3 Na6 20. f4 Nd7 21. f5 Qb8 22. Nb5 Nac5 23. Rhf1 b6 24. Rf3 Kd8 25. Rdf1 Kc8 26. fxg6 fxg6 27. Rf7 Kb7 28.
b4 Na6 29. Rxd7 Rf8 30. Nxd6+ Ka7 31. Nb5+ Kb7 32. d6 Qe8 33. Rxf8 Qxf8 34. Nxc7 Kc6 35. Nxa8 Kxd7 36. Nxb6+ Kd8 37. Nd5 Qxd6 38. c5 Qe6 39.
Qf3 Nxb4 40. Qf8+ Kd7 41. Ba4+ Nc6 42. Qd6+ Qxd6 43. cxd6 Kxd6 44. Bxc6 Kc5 45. Ne7 Kd4 46. Nxg6 1-0

[Event "Early-Titled-Tuesday-Blitz-October-10-2023"]
[Site "Chess.com"]
[Date "2023.10.10"]
[Round "6"]
[White "Shivananda1964"]
[Black "jaskol95"]
[Result "0-1"]
[WhiteElo "2415"]
[BlackElo "2593"]
[TimeControl "180+1"]
[EndTime "9:04:19 PDT"]
[Termination "jaskol95 won on time"]

1. Nf3 d5 2. e3 Nf6 3. b4 Bg4 4. c4 e6 5. a3 c6 6. Bb2 a5 7. b5 Nbd7 8. Be2 a4 9. Nc3 Bxf3 10. gxf3 Ne5 11. cxd5 exd5 12. Nxa4 Nc4 13. Bxc4 dxc4 14. bxc6 b5 15. Nc3 Qb6 16. c7 Be7 17. d3 O-O 18. dxc4 bxc4 19. Qe2 Qxc7 20. a4 Rfb8 21. O-O Ra5 22. Nb5 Qc5 23. Rfc1 Rc8 24.
Ba3 Qg5+ 25. Kh1 Bxa3 26. Rxa3 Rca8 27. Rxc4 h5 28. h4 Qf5 29. Nd4 Qh3+ 30. Kg1 Qxh4 31.
Nc6 Rg5+ 0-1

[Event "Early-Titled-Tuesday-Blitz-October-10-2023"]
[Site "Chess.com"]
[Date "2023.10.10"]
[Round "6"]
[White "howitzer14"]
[Black "tarno17"]
[Result "1-0"]
[WhiteElo "3006"]
[BlackElo "2145"]
[TimeControl "180+1"]
[EndTime "9:04:19 PDT"]
[Termination "howitzer14 won on time"]

1. e4 c5 2. Nf3 e6 3. Nc3 a6 4. a4 b6 5. Bc4 d6 6. d4 cxd4 7. Qxd4 Nf6 8. Be3 Nbd7 9. O-O Be7 10. Rad1 O-O 11. e5 dxe5 12. Nxe5 Qc7 13. Bf4 Qc5 14.
Be2 Qxd4 15. Rxd4 Nxe5 16. Bxe5 Bb7 17. Rfd1 Rfd8 18. f3 Bc5 19. Kf1 Bxd4 20. Bxd4 Rd6 21. Kf2 Rad8 22. Bxb6 Rxd1 23. Nxd1 Rc8 24. c4 Nd7 25.
Be3 Nc5 26. Nc3 h6 27. b4 Nd7 28. Bd4 Bc6 29. b5 axb5 30. axb5 Bb7 31. Na4 f6 32. c5 e5 33. Be3 Ba8 34. Bc4+ Kf8 35. Be6 Ke7 36. Bxd7 Kxd7 37. Nb6+ Kc7 38. Nxc8 Kxc8 39.
c6 Kc7 40. Bc5 g6 41. Ke3 1-0

[Event "Early-Titled-Tuesday-Blitz-October-10-2023"]
[Site "Chess.com"]
[Date "2023.10.10"]
[Round "6"]
[White "BeautiFullMindChess"]
[Black "ivana_999"]
[Result "0-1"]
[WhiteElo "2255"]
[BlackElo "2070"]
[TimeControl "180+1"]
[EndTime "9:04:20 PDT"]
[Termination "ivana_999 won on time"]

1. e4 e6 2. d4 d5 3. Nd2 Nf6 4. e5 Nfd7 5. Bd3 c5 6. c3 Nc6 7.
Ne2 cxd4 8. cxd4 f6 9. exf6 Nxf6 10. O-O Bd6 11. Nf3 Qc7 12. Nc3 a6 13. Bd2 O-O 14. Rc1 Bd7 15. h3 Be8 16. Re1 Bf7 17. Na4 Rae8 18. Nc5 Bxc5 19. Rxc5 Qd6 20. Rc3 Bh5 21. Be3 Ne4 22. Rc1 Bxf3 23. gxf3 Ng3 24. Qc2 Nf5 25. Qc5 Qd8 26. Kg2 Qh4 27. Bxf5 Rxf5 28. Qd6 Rf6 29.
Kh2 Rxf3 0-1

[Event "Early-Titled-Tuesday-Blitz-October-10-2023"]
[Site "Chess.com"]
[Date "2023.10.10"]
[Round "6"]
[White "SmirnovAlexandrA"]
[Black "Manukyan_Artak"]
[Result "1-0"]
[WhiteElo "2643"]
[BlackElo "2475"]
[TimeControl "180+1"]
[EndTime "9:04:22 PDT"]
[Termination "SmirnovAlexandrA won by resignation"]

1. e4 c6 2. d4 d5 3. e5 Bf5 4.
Nf3 e6 5. Be2 c5 6. O-O Nc6 7. Be3 Qb6 8. b3 Nh6 9. c4 dxc4 10.
bxc4 Ng4 11. d5 Nxe3 12. fxe3 Nb4 13. d6 O-O-O 14. Nc3 f6 15. e4 Bg6 16. Rb1 Qc6 17. a3 Na6 18. Nb5 Kb8 19. Qd2 Bxe4 20. Rb2 g5 21.
Bd3 g4 22. Ne1 fxe5 23. Rf7 Bxd6 24. Bxe4 Qxe4 25. Nxd6 Rxd6 26. Qxd6+ Ka8 27. Nd3 Qe3+ 28. Kh1 Rb8 29. Rbxb7 Rxb7 30. Qc6 Qe4 31. Qxe4 1-0

[Event "Early-Titled-Tuesday-Blitz-October-10-2023"]
[Site "Chess.com"]
[Date "2023.10.10"]
[Round "6"]
[White "AsaHoffmann"]
[Black "Ariadna_Atreides"]
[Result "1-0"]
[WhiteElo "2390"]
[BlackElo "2196"]
[TimeControl "180+1"]
[EndTime "9:04:22 PDT"]
[Termination "AsaHoffmann won on time"]

1. d4 Nf6 2. Bg5 g6 3. Nc3 Bg7 4. e4 d6 5. f3 O-O 6. Qd2 c5 7.
Nge2 cxd4 8. Nxd4 Nc6 9. Nxc6 bxc6 10. Bh6 Rb8 11. O-O-O Qb6 12. b3 Bxh6 13. Qxh6 Qb4 14.
Qd2 a5 15. Nb1 c5 16. Qxb4 axb4 17. Kb2 Be6 18. Nd2 Nd7 19. Bc4 Nb6 20. Bxe6 fxe6 21. Ra1 d5 22. a3 bxa3+ 23. Rxa3 c4 24. Rha1 Rfc8 25. Kc1 d4 26. Nxc4 Nxc4 27. bxc4 Rxc4 28. Ra8 Rxa8 29. Rxa8+ Kf7 30. Kd2 Rb4 31. f4 Rb1 32. Rd8 Rf1 33. Rxd4 Rxf4 34. Ke3 e5 35. Rd5 Ke6 36. c4 Rf1 37. Kd2 Rf2+ 38. Kc3 Rxg2 39. c5 Rg1 40. Kb4 h5 41. c6 Rb1+ 42. Kc5 Rc1+ 43.
Kb6 g5 44. c7 g4 45. Rc5 Rxc5 46. Kxc5 Kd7 47. Kd5 Kxc7 48. Kxe5 h4 49. Kf4 g3 50. hxg3 hxg3 51. Kxg3 Kd6 52. Kf4 Ke6 53. e5 Kd5 54.
Kf5 Kc6 55. Ke6 Kc7 56. Kxe7 Kc8 57. Kf7 1-0

[Event "Early-Titled-Tuesday-Blitz-October-10-2023"]
[Site "Chess.com"]
[Date "2023.10.10"]
[Round "6"]
[White "RamonManon0g"]
[Black "ChessQueen"]
[Result "0-1"]
[WhiteElo "2322"]
[BlackElo "2709"]
[TimeControl "180+1"]
[EndTime "9:04:24 PDT"]
[Termination "ChessQueen won on time"]

1. e4 c6 2. d4 d5 3. e5 c5 4. dxc5 e6 5. a3 Bxc5 6. Qg4 Ne7 7. Qxg7 Ng6 8. h4 Qc7 9. Nf3 Bf8 10. Qf6 Be7 11. Qg7 Nd7 12. Qh6 Ngxe5 13. Nxe5 Qxe5+ 14.
Be2 Nf6 15. Nc3 a6 16. Bf4 Qf5 17. Bd3 Qg4 18. Qg5 Rg8 19. Qe5 Nd7 20. Qc7 e5 21.
Bg3 Qe6 22. Bxh7 Rxg3 23. fxg3 Bd8 24. Nxd5 Qxd5 25. Qc3 Ba5 26. b4 Bb6 27. Rd1 Qxg2 28. Rf1 Bd4 29. Qd3 Nf8 30. c3 Bh3 0-1

[Event "Early-Titled-Tuesday-Blitz-October-10-2023"]
[Site "Chess.com"]
[Date "2023.10.10"]
[Round "6"]
[White "LeoWin2012"]
[Black "karinachess1"]
[Result "0-1"]
[WhiteElo "2316"]
[BlackElo "2613"]
[TimeControl "180+1"]
[EndTime "9:04:26 PDT"]
[Termination "karinachess1 won by checkmate"]

1. e4 e5 2. Nf3 Nc6 3. Bc4 Nf6 4.
Ng5 d5 5. exd5 Na5 6. Bb5+ c6 7. dxc6 bxc6 8. Bd3 Be7 9. O-O O-O 10. h3 h6 11.
Ne4 Nxe4 12. Bxe4 f5 13. Bf3 e4 14. Be2 f4 15. Bg4 f3 16. Re1 Bxg4 17. hxg4 Bd6 18.
g3 Bxg3 19. fxg3 f2+ 20. Kg2 fxe1=Q 21. Qxe1 Qf6 22. Nc3 Qf3+ 23. Kh3 Rae8 24. b3 Rf4 25. Qe2 Rxg4 26. Qxf3 exf3 27. Ba3 Rg6 28. Rf1 Rf6 29. Bb4 Nb7 30. d3 Re5 31. Ne4 Rf7 32. Bc3 Rh5+ 33.
Kg4 Rh2 34. Nf2 h5+ 35. Kg5 Nc5 36. Be5 Kh7 37. Bf6 Rxf6 38. Ng4 Ne6# 0-1

[Event "Early-Titled-Tuesday-Blitz-October-10-2023"]
[Site "Chess.com"]
[Date "2023.10.10"]
[Round "6"]
[White "Drags95"]
[Black "djokovic74"]
[Result "1-0"]
[WhiteElo "2892"]
[BlackElo "2745"]
[TimeControl "180+1"]
[EndTime "9:04:28 PDT"]
[Termination "Drags95 won by resignation"]

1. d4 e6 2. c4 Nf6 3. Nc3 Bb4 4. e3 O-O 5. Bd3 b6 6. Ne2 Bb7 7. O-O d5 8. a3 Be7 9. cxd5 exd5 10. b4 c6 11. Ng3 g6 12. Bb2 Re8 13. f4 Bf8 14. Qf3 Nbd7 15. f5 Bg7 16. Nce2 Qe7 17. Bc1 c5 18.
bxc5 bxc5 19. fxg6 fxg6 20. Rb1 Rab8 21. Kh1 Nb6 22.
Nf4 c4 23. Bc2 Rf8 24. Bd2 Rf7 25. Bb4 Qd7 26. Nxg6 hxg6 27. Bxg6 Re8 28. Nf5 Re4 29.
Bxf7+ Qxf7 30. Nd6 Qg6 31. Nxe4 Nxe4 32. Qf5 Qc6 33. Qf7+ Kh7 34. Rf5 Nf6 35. Bf8 Qd7 36. Rxf6 Qxf7 37. Rxf7 Kg8 38. Rxg7+ Kxf8 39. Rxb7 1-0

[Event "Early-Titled-Tuesday-Blitz-October-10-2023"]
[Site "Chess.com"]
[Date "2023.10.10"]
[Round "6"]
[White "THE_PLAYER6"]
[Black "tdf98pantani"]
[Result "0-1"]
[WhiteElo "2455"]
[BlackElo "2636"]
[TimeControl "180+1"]
[EndTime "9:04:29 PDT"]
[Termination "tdf98pantani won on time"]

1. d4 Nf6 2. c4 e6 3. Nc3 Bb4 4. Nf3 O-O 5. Bd2 b6 6. e3 Bb7 7. Bd3 Bxc3 8. Bxc3 Ne4 9. Rc1 f5 10. O-O d6 11. Bxe4 Bxe4 12. d5 Bxf3 13. Qxf3 e5 14. e4 Qg5 15. exf5 Rxf5 16. Qe2 Nd7 17. b4 Raf8 18. Bd2 Qh4 19. g3 Qh3 20. f4 exf4 21. Bxf4 Ne5 22. Bxe5 Rxe5 23. Rxf8+ Kxf8 24. Rf1+ Kg8 25. Qf3 h6 26. a4 Qd7 27. a5 Qe8 28. axb6 axb6 29. Rf2 Re3 30. Qf5 Re1+ 31. Kg2 Qe4+ 32. Qxe4 Rxe4 33. Rc2 Re3 34. c5 bxc5 35. bxc5 Rd3 36.
cxd6 cxd6 37. h4 Rxd5 38. Kf3 Rd4 39. Ke3 Ra4 40. Rc6 d5 41. Rc5 Re4+ 42. Kf3 Rd4 43. Ke3 Rd1 44. Ke2 Rd4 45. Ke3 Re4+ 46. Kf3 Re5 47. Kf4 Rh5 48. Kg4 g6 49. Kf4 Rf5+ 50. Kg4 h5+ 51. Kh3 Kf7 0-1

[Event "Early-Titled-Tuesday-Blitz-October-10-2023"]
[Site "Chess.com"]
[Date "2023.10.10"]
[Round "6"]
[White "a-z30"]
[Black "LamaChampetre"]
[Result "1-0"]
[WhiteElo "2482"]
[BlackElo "2236"]
[TimeControl "180+1"]
[EndTime "9:04:29 PDT"]
[Termination "a-z30 won on time"]

1. c4 g6 2. g3 Bg7 3. Bg2 c5 4. Nc3 Nc6 5. e4 d6 6. Nge2 e5 7. O-O Nge7 8. f4 O-O 9. d3 Be6 10.
f5 gxf5 11. Nd5 fxe4 12. dxe4 f5 13. Bg5 Qd7 14. Nec3 Ng6 15. Qh5 f4 16. Qd1 Bg4 17. Qd2 f3 18. Bh1 Nd4 19. Rf2 Ne2+ 20. Nxe2 fxe2 21.
Rxe2 Bxe2 22. Qxe2 Qf7 23. Bg2 a6 24. Bh3 Kh8 25.
Bf5 Rac8 26. Qh5 Qe8 27. Rf1 b5 28. Ne7 Rxf5 29. Nxf5 1-0

[Event "Early-Titled-Tuesday-Blitz-October-10-2023"]
[Site "Chess.com"]
[Date "2023.10.10"]
[Round "6"]
[White "FoxOnTheRun97"]
[Black "Tssunami"]
[Result "0-1"]
[WhiteElo "2526"]
[BlackElo "2413"]
[TimeControl "180+1"]
[EndTime "9:04:30 PDT"]
[Termination "Tssunami won by resignation"]

1. d4 d5 2. c4 e6 3. Nf3 a6 4. cxd5 exd5 5. Bf4 Nf6 6. e3 c6 7. Bd3 Qb6 8. Qc2 Bg4 9. Ne5 Bh5 10. Nd2 Nbd7 11. O-O Bg6 12. Nxg6 hxg6 13. Rfe1 Be7 14. e4 dxe4 15. Nxe4 O-O 16. Ng5 Rae8 17. Be5 Nd5 18. Nxf7 Rxf7 19. Bxg6 Ref8 20. Bxf7+ Rxf7 21. Qg6 Nf8 22. Qg4 Qxb2 23. h4 Qxf2+ 24. Kh2 Qxh4+ 25. Qxh4 Bxh4 26.
Re4 Bd8 27. Rb1 Nc3 28. Ree1 Nxb1 29. Rxb1 Ng6 30. Bg3 Bc7 31. Re1 Bxg3+ 32. Kxg3 Re7 33. Rb1 Kf7 34. Kf3 Nf8 35. Rb4 Ne6 36. Ke4 Nc7+ 37. Kd3 Nd5 38. Rb1 b5 39. g3 Re3+ 40. Kd2 Rxg3 41. Rf1+ Ke6 42. Rf8 a5 43. Rc8 Kd7 44. Ra8 a4 45. Ra7+ Kd6 46. Rf7 b4 47. Kc2 b3+ 48. axb3 axb3+ 49. Kb2 Nb6 50. Rf8 Nc4+ 51. Kc1 Rg1+ 0-1

[Event "Early-Titled-Tuesday-Blitz-October-10-2023"]
[Site "Chess.com"]
[Date "2023.10.10"]
[Round "6"]
[White "borocotoajua"]
[Black "Masterbeaterr"]
[Result "1-0"]
[WhiteElo "2580"]
[BlackElo "2469"]
[TimeControl "180+1"]
[EndTime "9:04:31 PDT"]
[Termination "borocotoajua won by resignation"]

1. d4 d5 2. Nf3 Nf6 3. c4 dxc4 4. e3 e6 5. Bxc4 c5 6. O-O Nc6 7. Qe2 cxd4 8. Rd1 Be7 9. exd4 O-O 10. Nc3 Na5 11. Bd3 b6 12. Bg5 Bb7 13. Ne5 Nd5 14. Bd2 Nc6 15. Nf3 Rc8 16. a3 Nxc3 17. Bxc3 Bf6 18. Be4 Qd7 19. d5 exd5 20. Bxf6 gxf6 21. Rxd5 Qe6 22. Qd3 Ne5 23. Rxe5 fxe5 24. Bxb7 Rcd8 25.
Qe4 f5 26. Qh4 e4 27. Ng5 Qg6 28. Ba6 Rd4 29. b3 Rfd8 30. Bc4+ Kg7 31. h3 e3 32.
f4 Rd1+ 33. Rxd1 Rxd1+ 34. Kh2 Rd6 35. Qe1 Qe8 36. Qc3+ Kh6 37. Qe1 Kg7 38. Qc3+ Kh6 39. Nf7+ 1-0

[Event "Early-Titled-Tuesday-Blitz-October-10-2023"]
[Site "Chess.com"]
[Date "2023.10.10"]
[Round "6"]
[White "dziththaulydcc"]
[Black "Maksimus1998"]
[Result "1-0"]
[WhiteElo "2800"]
[BlackElo "2617"]
[TimeControl "180+1"]
[EndTime "9:04:34 PDT"]
[Termination "dziththaulydcc won on time"]

1. d4 Nf6 2. Nf3 e6 3. Bf4 d5 4. Nbd2 Bd6 5. Bg3 O-O 6. e3 c5 7.
c3 b6 8. Bd3 Ba6 9. Qc2 Bxd3 10. Qxd3 Nc6 11. O-O Bxg3 12. hxg3 Qd6 13. e4 cxd4 14.
cxd4 dxe4 15. Nxe4 Nxe4 16. Qxe4 h6 17. Rad1 Rfd8 18.
g4 Qd5 19. Qe3 Qxa2 20. g5 hxg5 21. Nxg5 Qd5 22. Nf3 Ne7 23. Rfe1 Nf5 24. Qf4 Rac8 25. Re5 Qd6 26. Qg4 f6 27. Re2 Qd5 28. Rde1 Re8 29.
Re4 Rc2 30. Qg6 Kf8 31. Nh4 Rc1 32. Rxc1 Qxe4 33. Rc7 Qe1+ 34. Kh2 Ne7 35. Qg3 Qe4 36. Rxa7 g5 37. Nf3 Nf5 38. Qh3 Qf4+ 39. g3 1-0